 Dungeon Crawl Stone Soup version 0.19.0 (webtiles) character file.

19457 Danakh the Cleaver (level 12, -3/97 HPs)
             Began as a Demonspawn Fighter on Nov 13, 2016.
             Was the Champion of Ru.
             Slain by a very large slime creature (40 damage)
             ... on level 13 of the Dungeon.
             The game lasted 00:43:01 (10827 turns).

Danakh the Cleaver (Demonspawn Fighter)            Turns: 10827, Time: 00:43:02

Health: -3/97      AC: 24    Str: 23 (24) XL:     12   Next: 36%
Magic:  10/10      EV:  4    Int: 11      God:    Ru [******]
Gold:   735        SH: 17    Dex: 15      Spells: 0 memorised, 11 levels left

rFire  + . .     SeeInvis +     v - +1 war axe of Plunder {venom, *Drain +Rage rN+ Dex+2} (curse)
rCold  x . .     Gourm    .     I - +1 plate armour {rF+}
rNeg   + . .     Faith    .     r - +0 large shield
rPois  .         Spirit   .     G - +0 helmet
rElec  .         Reflect  .     K - +0 cloak
rCorr  .         Harm     .     q - +0 pair of gloves
MR     +....                    T - +2 pair of boots {run}
Stlth  ..........               j - amulet of regeneration
                                s - +4 ring of strength
                                S - ring of see invisible

@: quick
A: hooves 2, molten scales 1, blurry vision 1, demonic guardian 2, deterioration
2, fire resistance 1, low mp 1, magic resistance 1, mutation resistance 1, wild
magic 1, no stealth, inability to train dodging, no earth magic, no hexes magic,
no translocations magic, missing an eye, temperature sensitive
a: Draw Out Power, Power Leap, Apocalypse, Renounce Religion, Evoke Berserk Rage


You were on level 13 of the Dungeon.
You worshipped Ru.
Ru was exalted by your worship.
You were not hungry.

You visited 1 branch of the dungeon, and saw 13 of its levels.

You collected 871 gold pieces.
You spent 136 gold pieces at shops.

Inventory:

Hand Weapons
 v - the cursed +1 war axe of Plunder (weapon) {venom, *Drain +Rage rN+ Dex+2}
   (You found it on level 11 of the Dungeon)

   It poisons the flesh of those it strikes.
   It affects your dexterity (+2).
   It protects you from negative energy.
   It lets you go berserk.
   It causes draining when unequipped.
   It has a curse placed upon it.
 F - a +0 broad axe
Armour
 q - a +0 pair of gloves (worn)
 r - a +0 large shield (worn)
 G - a +0 helmet (worn)
 I - a +1 plate armour of fire resistance (worn)
 K - a +0 cloak (worn)
 T - a +2 pair of boots of running (worn)
Jewellery
 j - an amulet of regeneration (around neck)
 s - a +4 ring of strength (right hand)
 w - an uncursed amulet of rage
 E - an uncursed ring of fire
 S - a ring of see invisible (left hand)
Wands
 d - a wand of confusion (17/48)
 t - a wand of flame (5/48)
 y - a wand of flame (22/48)
 A - a wand of digging (12/24)
 C - a wand of hasting (6/9)
 L - a wand of lightning (12/15)
 U - a wand of flame (25/48)
 W - a wand of flame (31/48)
Scrolls
 b - a scroll of blinking
 e - a scroll of identify
 i - 4 scrolls of enchant armour
 k - 2 scrolls of teleportation
 p - 5 scrolls of remove curse
 D - a scroll of fog
 H - a scroll of magic mapping
 Y - a scroll of fear
Potions
 c - a potion of beneficial mutation
 h - a potion of cancellation {unknown}
 l - 5 potions of curing
 m - 4 potions of lignification
 n - a potion of resistance
 o - 3 potions of brilliance
 u - a potion of heal wounds
 x - a potion of invisibility
 J - a potion of might
 O - a potion of haste
Books
 a - a Young Poisoner's Handbook

   Spells                             Type                      Level
   a - Sting                          Conjuration/Poison           1
   b - Mephitic Cloud                 Conjuration/Poison/Air       3
   c - Olgreb's Toxic Radiance        Poison                       4
   d - Alistair's Intoxication        Transmutation/Poison         5
   e - Venom Bolt                     Conjuration/Poison           5
 g - a book of Frost

   Spells                             Type                      Level
   a - Freeze                         Ice                          1
   b - Throw Frost                    Conjuration/Ice              2
   c - Ozocubu's Armour               Charms/Ice                   3
   d - Throw Icicle                   Conjuration/Ice              4
   e - Summon Ice Beast               Ice/Summoning                4
 M - a book of Cantrips

   Spells                             Type                      Level
   a - Confusing Touch                Hexes                        1
   b - Animate Skeleton               Necromancy                   1
   c - Summon Small Mammal            Summoning                    1
   d - Apportation                    Translocation                1
 P - a book of Transfigurations

   Spells                             Type                      Level
   a - Irradiate                      Conjuration/Transmutation    5
   b - Statue Form                    Transmutation/Earth          6
   c - Hydra Form                     Transmutation                6
   d - Dragon Form                    Transmutation                7
 Q - a book of Minor Magic

   Spells                             Type                      Level
   a - Magic Dart                     Conjuration                  1
   b - Blink                          Translocation                2
   c - Call Imp                       Summoning                    2
   d - Repel Missiles                 Charms/Air                   2
   e - Slow                           Hexes                        2
   f - Conjure Flame                  Conjuration/Fire             3
   g - Mephitic Cloud                 Conjuration/Poison/Air       3
Miscellaneous
 N - a fan of gales
Comestibles
 f - 10 bread rations
 z - 6 beef jerkies
 B - 3 chunks of flesh
 R - 3 meat rations


   Skills:
 + Level 9.8 Fighting
 * Level 12.1 Axes
 + Level 8.8 Armour
 + Level 9.1 Shields


You had 11 spell levels left.
You didn't know any spells.

Dungeon Overview and Level Annotations

Branches:
Dungeon (13/15)            Temple (0/1) D:7            Lair (0/6) D:10
    Orc (0/2) D:10
 Vaults: D:13-14

Altars:
Cheibriados
Dithmenos
Qazlal
Ru
Trog
Vehumet
Zin
The Shining One

Shops:
D:7 =   D:8 ?


Innate Abilities, Weirdness & Mutations

You have hoof-like feet.
You are partially covered in molten scales. (AC +2)
A demonic guardian rushes to your aid.
Your flesh is heat resistant. (rF+)
You cannot be stealthy.
You cannot train Dodging skill.
You cannot study or cast Earth magic.
You cannot study or cast Hexes magic.
You cannot study or cast Translocations magic.
You are missing an eye, making it more difficult to aim.
You are sensitive to extremes of temperature. (rF-, rC-)
Scrolls take you a little longer to read.
Your body often deteriorates upon taking damage.
Your magical capacity is low. (-10% MP)
You are resistant to hostile enchantments. (MR+)
You are somewhat resistant to further mutation.
Your spells are a little harder to cast, but a little more powerful.


Message History

You block the slime creature's attack. x2
Unknown command.
You slice the slime creature!!
You kill the slime creature!
You slash the very large slime creature!
You hit the slime creature.
You block the very large slime creature's attack.
You block the slime creature's attack.
Unknown command.
You slash the very large slime creature!
The very large slime creature is heavily wounded.
You slash the slime creature!
The slime creature looks as sick as possible!
The very large slime creature is stunned by your will and fails to attack.
You block the slime creature's attack.
You barely miss the slime creature.
The slime creature is heavily wounded.
You slash the very large slime creature!
The very large slime creature hits you!!!
You die...

..........
#.........
##..._...#
#........
....... ....#
## #JJ## #
##.. #@3##..#
....###.%....#
#..#..####.#
######.#
#...$.#
.<.....#
####.####.#
.#######
#?.....# .#
#.###### .#
#.# .#
############.#


You could see a very large slime creature, a slime creature and a friendly smoke
demon.

Vanquished Creatures
  2 hydras
  A queen ant (D:12)
  A hill giant (D:10)
  An ugly thing (D:11)
  2 cyclopes
  A wind drake (shapeshifter) (D:13)
  3 trolls
  A two-headed ogre (D:12)
  A slime creature (D:13)
  A spriggan (D:8)
  2 shadows
  A fire elemental (D:10)
  A wraith (D:13)
  8 yaks
  A hungry ghost (D:13)
  Eustachio (D:5)
  A mottled dragon (D:12)
  4 soldier ants (D:12)
  2 water moccasins
  5 ice beasts
  Purgy (D:3)
  5 orc warriors
  A phantom (D:5)
  2 black bears
  A hornet zombie (D:11)
  4 sky beasts
  2 eyes of draining
  A wolf (D:8)
  3 ogres
  9 centaurs
  The ghost of coolpanthro the Shooter, an amateur HEHu (D:3)
  3 big kobolds
  8 bullfrogs
  A gnoll sergeant (D:5)
  6 scorpions
  4 killer bees (D:7)
  4 wights (D:9)
  4 howler monkeys
  6 crimson imps
  2 bullfrog zombies
  2 hounds
  A jelly (D:10)
  2 quasits
  A centaur zombie (D:6)
  3 centaur skeletons
  4 bullfrog skeletons
  3 orc priests
  5 iguanas
  Jessica (D:3)
  8 orc wizards
  20 worker ants
  A hound zombie (D:5)
  2 hound skeletons
  3 worker ant zombies
  A howler monkey skeleton (D:6)
  14 gnolls
  12 adders
  3 shadow imps
  An ooze (D:2)
  2 adder zombies
  5 leopard geckos
  20 orcs
  6 giant cockroaches
  11 hobgoblins
  4 jackals (D:7)
  18 kobolds
  7 quokkas
  A ball python (D:1)
  A ball python skeleton (D:4)
  4 bats
  5 frilled lizards
  9 goblins
  A leopard gecko skeleton (D:6)
  A quokka skeleton (D:8)
  A quokka zombie (D:7)
  6 rats
  2 fungi (D:6)
299 creatures vanquished.

Vanquished Creatures (collateral kills)
  An entropy weaver (D:12)
  Fannar (D:11)
  The ghost of Eucla the Grappler, a novice VSAE of Makhleb (D:8)
  Pikel (D:8)
  2 hill giants
  An ugly thing (D:11)
  2 manticores
  A kobold demonologist (D:12)
  A troll (D:13)
  3 yaks (D:9)
  A vampire (D:9)
  Grum (D:8)
  Edmund (D:4)
  2 hell hounds (D:10)
  Duvessa (D:7)
  2 orc warriors
  4 slaves (D:8)
  An ogre (D:13)
  2 wolves (D:8)
  A bullfrog (D:8)
  Dowan (D:7)
  A scorpion (D:8)
  A wight (D:13)
  A crimson imp (D:6)
  An orc wizard (D:7)
  A hound (D:13)
  An orc priest (D:8)
  2 worker ants (D:12)
  A dart slug (D:4)
  5 orcs
  A quokka (D:8)
46 creatures vanquished.

Vanquished Creatures (others)
  An entropy weaver (D:12)
  A hydra (D:13)
  A centaur warrior (D:13)
  An air elemental (D:10)
  A water elemental (D:10)
  A soldier ant (D:12)
  A killer bee (D:7)
  A hound (D:9)
  A shadow imp (D:12)
  A quokka (D:11)
10 creatures vanquished.

Grand Total: 355 creatures vanquished

Notes
Turn   | Place    | Note
-------+----------+-------------------------------------------
     0 | D:1      | Danakh the Demonspawn Fighter began the quest for the Orb.
     0 | D:1      | Reached XP level 1. HP: 18/18 MP: 1/1
   316 | D:1      | Reached skill level 2 in Axes
   320 | D:1      | Gained mutation: Your flesh is heat resistant. (rF+) [demonic ancestry]
   320 | D:1      | Reached XP level 2. HP: 21/24 MP: 2/2
   869 | D:2      | Gained mutation: You are partially covered in molten scales. (AC +2) [demonic ancestry]
   869 | D:2      | Reached XP level 3. HP: 29/29 MP: 3/3
   945 | D:2      | Found a sacrificial altar of Ru.
   952 | D:2      | Became a worshipper of Ru the Awakened
  1472 | D:3      | Noticed Purgy
  1491 | D:3      | Killed Purgy
  1491 | D:3      | Reached skill level 3 in Axes
  1491 | D:3      | Reached XP level 4. HP: 36/36 MP: 4/4
  1491 | D:3      | Gained mutation: A weak demonic guardian rushes to your aid. [demonic ancestry]
  1491 | D:3      | Reached XP level 5. HP: 41/41 MP: 5/5
  1669 | D:3      | Noticed coolpanthro's ghost (amateur HEHu)
  1680 | D:3      | Killed coolpanthro's ghost
  1714 | D:3      | Noticed Jessica
  1724 | D:3      | Killed Jessica
  2105 | D:4      | Gained mutation: A demonic guardian rushes to your aid. [demonic ancestry]
  2105 | D:4      | Reached XP level 6. HP: 47/48 MP: 6/6
  2125 | D:4      | Reached skill level 4 in Axes
  2151 | D:4      | Gained mutation: You cannot be stealthy. [Ru sacrifice]
  2171 | D:4      | Noticed Edmund
  2175 | D:4      | Killed Edmund
  2276 | D:4      | Found a glowing silver altar of Zin.
  2277 | D:4      | Found a glowing golden altar of the Shining One.
  2483 | D:5      | Entered Level 5 of the Dungeon
  2503 | D:5      | Gained mutation: You have large cloven feet. [demonic ancestry]
  2503 | D:5      | Reached XP level 7. HP: 19/55 MP: 7/7
  2606 | D:5      | Noticed Eustachio
  2615 | D:5      | Killed Eustachio
  2615 | D:5      | Reached skill level 5 in Axes
  2996 | D:5      | Reached skill level 5 in Fighting
  3179 | D:6      | Reached XP level 8. HP: 57/62 MP: 8/8
  3253 | D:6      | Found a stormy altar of Qazlal.
  3394 | D:6      | Reached skill level 6 in Axes
  3576 | D:6      | Reached skill level 5 in Shields
  3624 | D:6      | Gained mutation: You cannot train Dodging skill. [Ru sacrifice]
  3624 | D:6      | Reached * piety under Ru
  3624 | D:6      | Reached ** piety under Ru
  3848 | D:6      | Found a radiant altar of Vehumet.
  3904 | D:7      | Noticed Duvessa
  3904 | D:7      | Noticed Dowan
  3905 | D:7      | Found a staircase to the Ecumenical Temple.
  3911 | D:7      | Killed Dowan
  3914 | D:7      | Killed Duvessa
  3952 | D:7      | Found Holaikel's Jewellery Shoppe.
  4001 | D:7      | Reached skill level 5 in Armour
  4185 | D:7      | Reached skill level 7 in Axes
  4522 | D:7      | Reached XP level 9. HP: 41/69 MP: 9/9
  4586 | D:7      | HP: 3/69 [killer bee (6)]
  4884 | D:8      | Noticed Grum
  4899 | D:8      | Killed Grum
  4968 | D:8      | Found a snail-covered altar of Cheibriados.
  5161 | D:8      | Noticed Eucla's ghost (novice VSAE)
  5179 | D:8      | Reached skill level 8 in Axes
  5203 | D:8      | Killed Eucla's ghost
  5292 | D:8      | Found a bloodstained altar of Trog.
  5325 | D:8      | Found Ezuoplit's Magic Scroll Boutique.
  5347 | D:8      | Bought a scroll of blinking for 97 gold pieces
  5347 | D:8      | Bought a scroll of teleportation for 39 gold pieces
  5379 | D:8      | Noticed Pikel
  5392 | D:8      | Killed Pikel
  5392 | D:8      | Reached XP level 10. HP: 52/79 MP: 10/10
  5606 | D:8      | Gained mutation: You are missing an eye, making it more difficult to aim. [Ru sacrifice]
  5799 | D:9      | Noticed a cyclops
  5801 | D:9      | Reached skill level 9 in Axes
  5814 | D:9      | Killed a cyclops
  7200 | D:10     | Entered Level 10 of the Dungeon
  7259 | D:10     | Found a large runed door.
  7261 | D:10     | Found a large runed door.
  7451 | D:10     | Found a staircase to the Orcish Mines.
  7476 | D:10     | Noticed a hill giant
  7496 | D:10     | Killed a hill giant
  7526 | D:10     | Found a staircase to the Lair.
  7929 | D:10     | Reached skill level 10 in Axes
  8206 | D:11     | Gained mutation: You cannot study or cast Earth magic. [Ru sacrifice]
  8206 | D:11     | Gained mutation: You cannot study or cast Hexes magic. [Ru sacrifice]
  8206 | D:11     | Gained mutation: You cannot study or cast Translocations magic. [Ru sacrifice]
  8206 | D:11     | Reached *** piety under Ru
  8237 | D:11     | Noticed a hill giant
  8253 | D:11     | Killed a hill giant
  8307 | D:11     | Noticed a brown ugly thing
  8313 | D:11     | Killed a brown ugly thing
  8313 | D:11     | Gained mutation: You have hoof-like feet. [demonic ancestry]
  8313 | D:11     | Reached XP level 11. HP: 87/87 MP: 11/11
  8326 | D:11     | Gained mutation: You are dopey. (Int -2) [mutagenic meat]
  8327 | D:11     | Gained mutation: Your spells are a little harder to cast, but a little more powerful. [mutagenic meat]
  8328 | D:11     | Gained mutation: You are resistant to hostile enchantments. (MR+) [mutagenic meat]
  8329 | D:11     | Lost mutation: You are dopey. (Int -2) [mutagenic meat]
  8402 | D:11     | Noticed a green ugly thing
  8409 | D:11     | Killed a green ugly thing
  8534 | D:11     | Got a dazzling war axe
  8535 | D:11     | Identified the cursed +1 war axe of Plunder {venom, *Drain +Rage rN+ Dex+2} (You found it on level 11 of the Dungeon)
  8851 | D:11     | Noticed Fannar
  8966 | D:11     | Killed Fannar
  9333 | D:12     | Noticed an entropy weaver
  9360 | D:12     | Killed an entropy weaver
  9444 | D:12     | Noticed a queen ant
  9448 | D:12     | Noticed an entropy weaver
  9459 | D:12     | Reached skill level 11 in Axes
  9461 | D:12     | Killed a queen ant
  9592 | D:12     | Killed an entropy weaver
  9934 | D:12     | Noticed a five-headed hydra
  9964 | D:12     | Killed a seven-headed hydra
 10125 | D:12     | Gained mutation: Scrolls take you a little longer to read. [mutagenic meat]
 10126 | D:12     | Gained mutation: Your magical capacity is low. (-10% MP) [mutagenic meat]
 10127 | D:12     | Gained mutation: Your body sometimes deteriorates upon taking damage. [mutagenic meat]
 10128 | D:12     | Gained mutation: You are somewhat resistant to further mutation. [mutagenic meat]
 10129 | D:12     | Gained mutation: Your spells are harder to cast, but more powerful. [mutagenic meat]
 10154 | D:12     | Reached XP level 12. HP: 96/96 MP: 10/10
 10251 | D:13     | Identified a +2 pair of boots of running (You found it on level 13 of the Dungeon)
 10264 | D:13     | Gained mutation: You are sensitive to extremes of temperature. (rF-, rC-) [Ru sacrifice]
 10264 | D:13     | Reached **** piety under Ru
 10264 | D:13     | Reached ***** piety under Ru
 10264 | D:13     | Reached ****** piety under Ru
 10292 | D:13     | Gained mutation: Your body often deteriorates upon taking damage. [mutagenic meat]
 10294 | D:13     | Lost mutation: Your spells are harder to cast, but more powerful. [mutagenic meat]
 10308 | D:13     | Noticed a centaur warrior
 10315 | D:13     | Killed a centaur warrior
 10411 | D:13     | Noticed a seven-headed hydra
 10428 | D:13     | Killed a 14-headed hydra
 10537 | D:13     | Noticed a seven-headed hydra
 10556 | D:13     | Killed a 13-headed hydra
 10587 | D:13     | Reached skill level 12 in Axes
 10809 | D:13     | Found a shadowy altar of Dithmenos.
 10827 | D:13     | Slain by a very large slime creature

Skill      XL: |  1  2  3  4  5  6  7  8  9 10 11 12 |
---------------+-------------------------------------+-----
Axes           | 2 3 4 5 7 8 10 11 12 | 12.1
Shields        | 3 4 5 6 7 8 9 |  9.1
Armour         | 3 4 5 6 7 8 |  8.8
Fighting       | 4 5 6 7 8 9 |  9.8

Action                   |  1- 3 |  4- 6 |  7- 9 | 10-12 || total
-------------------------+-------+-------+-------+-------++-------
Melee: War axe           |   116 |    97 |   510 |   429 ||  1152
       Kick              |       |       |   140 |   210 ||   350
       Broad axe         |       |       |    21 |   445 ||   466
Invok: Sacrifice Stealth |       |     1 |       |       ||     1
       Sacrifice Nimblen |       |       |     1 |       ||     1
       Sacrifice Arcana  |       |       |       |     1 ||     1
       Sacrifice an Eye  |       |       |       |     1 ||     1
       Sacrifice Resista |       |       |       |     1 ||     1
 Abil: Evoke Berserk Rag |       |       |       |     3 ||     3
Evoke: Wand              |       |       |       |    13 ||    13
  Use: Scroll            |     5 |     2 |     2 |    15 ||    24
       Potion            |     3 |       |     2 |     3 ||     8
 Stab: Distracted        |       |       |     2 |     9 ||    11
       Invisible         |       |       |       |     4 ||     4
       Paralysed         |       |       |       |     2 ||     2
  Eat: Chunk             |     2 |     3 |     7 |    36 ||    48
       Meat ration       |       |       |     1 |       ||     1
       Fruit             |       |       |       |     3 ||     3
       Royal jelly       |       |       |       |     1 ||     1
Armor: Scale mail        |    57 |    39 |    44 |       ||   140
       Skin              |    34 |       |       |       ||    34
       Plate armour      |       |       |   327 |   479 ||   806
Dodge: Dodged            |    24 |    23 |   107 |    92 ||   246
Block: Shield            |    75 |    50 |   400 |   171 ||   696
       Large shield      |       |       |       |   434 ||   434
